 Dungeon Crawl Stone Soup version 0.20.1-1-g8b1a95d (webtiles) character file.

77 equalderp2856 the Ducker (level 4, -2/23 HPs)
             Began as a Spriggan Fighter on July 17, 2017.
             Slain by an ooze (5 damage)
             ... on level 2 of the Dungeon.
             The game lasted 00:09:00 (2485 turns).

equalderp2856 the Ducker (Spriggan Fighter)         Turns: 2485, Time: 00:09:01

Health: -2/23      AC:  2    Str: 13    XL:     4   Next: 13%
Magic:  5/5        EV: 20    Int:  9    God:
Gold:   77         SH:  6    Dex: 15    Spells: 4/4 levels left

rFire    . . .     SeeInvis +   n - -2 dagger (curse)
rCold    . . .     Gourm    .   c - +0 buckler
rNeg     . . .     Faith    .   b - +0 robe
rPois    .         Spirit   .   (helmet restricted)
rElec    .         Reflect  .   (no cloak)
rCorr    .         Harm     .   (gloves unavailable)
MR       .....                  (boots unavailable)
Stlth    ++........             (no amulet)
Regen    0.1/turn               (no ring)
MPRegen  0.1/turn               (no ring)

@: very quick
A: unfitting armour, see invisible, herbivore 3, speed 3, slow metabolism 2
a: no special abilities


You were on level 2 of the Dungeon.
You were not hungry.

You visited 1 branch of the dungeon, and saw 3 of its levels.

You collected 77 gold pieces.

Inventory:

Hand Weapons
 a - a +0 rapier
 n - a cursed -2 dagger (weapon)
 o - a +0 hunting sling
 p - a +0 dagger
Missiles
 m - 50 stones (quivered)
 s - 22 arrows
Armour
 b - a +0 robe (worn)
 c - a +0 buckler (worn)
 q - a +0 animal skin
 r - a +0 robe
 t - a +0 helmet
Scrolls
 e - a scroll of remove curse {unknown}
 h - 3 scrolls of enchant armour {unknown}
 k - 4 scrolls of identify {unknown}
 l - 2 scrolls of teleportation {unknown}
Potions
 d - a potion of might
 g - a potion of flight {unknown}
 i - 2 potions of ambrosia {unknown}
Comestibles
 f - 2 bread rations


   Skills:
 + Level 2.8 Fighting
 + Level 3.1 Short Blades
 * Level 5.3 Dodging
 + Level 0.9 Stealth
 + Level 2.4 Shields
 + Level 0.5 Spellcasting


You had 4 spell levels left.
You didn't know any spells.

Dungeon Overview and Level Annotations

Branches:
Dungeon (3/15)

Altars:
Makhleb


Innate Abilities, Weirdness & Mutations

You are very small and have problems with some larger weapons.
You are too small for most types of armour.
You have supernaturally acute eyesight. (SInv)
You are a herbivore.
You cover ground extremely quickly.
You need consume almost no food.


Message History

The worm is lightly wounded.
Throwing (i - inventory):
m - 51 stones (quivered)
Press: ? - help, Shift-Dir - straight line, f/p - worm
Aim: a worm (lightly wounded)
You throw a stone.
The stone hits the worm but does no damage.
The worm is lightly wounded.
You hit the ooze but do no damage. The ooze closely misses you.
You hit the ooze but do no damage. The ooze hits you.
You hit the ooze.
The ooze is moderately wounded.
The ooze hits you.
You hit the ooze.
The ooze is moderately wounded.
You hit the ooze but do no damage.
The ooze is moderately wounded.
The ooze hits you.
* * * LOW HITPOINT WARNING * * *
The ooze hits you.
You die...

#..# #.#.#.# #..############
#.##.## #.[#..........# #.#...#
#..#.########.# #...#..
####...#.### #.# ###...#
).....###..# #.# ####..#..
####...#.#.#####.########....###.
#...........#..........##..#..
#....#...##.#@########.###...#
####........J.# #####.####.##
###...##.#.####........(.##
##.<..........#######..(.
#.###.#w####.# #.(##
#.###.#.####># #.(#
#.##.........# #(.#
##.##.##.####.# #.## #...#.##(#
#.# #.#


You could see a worm and an ooze.

Vanquished Creatures
  Robin (D:2)
  An adder (D:2)
  An ooze (D:2)
  2 dart slugs
  2 leopard geckos
  A ball python (D:2)
  2 giant cockroaches (D:1)
  8 goblins
  8 hobgoblins
  2 kobolds (D:2)
  A quokka (D:1)
  7 bats
  4 frilled lizards
  7 rats
47 creatures vanquished.

Notes
Turn   | Place    | Note
-------+----------+-------------------------------------------
     0 | D:1      | equalderp2856 the Spriggan Fighter began the quest for the Orb.
     0 | D:1      | Reached XP level 1. HP: 11/11 MP: 2/2
   221 | D:1      | Reached XP level 2. HP: 13/16 MP: 3/3
   800 | D:2      | Reached XP level 3. HP: 18/19 MP: 4/4
   893 | D:2      | Reached skill level 5 in Dodging
  1048 | D:2      | Found a burning altar of Makhleb.
  1432 | D:3      | Noticed Robin
  1847 | D:2      | Killed Robin
  1847 | D:2      | Reached XP level 4. HP: 8/23 MP: 5/5
  2485 | D:2      | Slain by an ooze

Skill      XL: |  1  2  3 |
---------------+----------+-----
Dodging        | 5 |  5.3
Short Blades   | 3 |  3.1
Fighting       | |  2.8
Stealth        | |  0.9
Shields        | |  2.4
Spellcasting   | |  0.5

Action                   |  1- 3 |  4- 6 || total
-------------------------+-------+-------++-------
Melee: Rapier            |   135 |       ||   135
       Dagger            |       |    42 ||    42
Throw: Stone             |       |    14 ||    14
       Tomahawk          |       |     5 ||     5
 Stab: Sleeping          |     1 |       ||     1
Armor: Robe              |    16 |       ||    16
Dodge: Dodged            |   125 |    21 ||   146
Block: Buckler           |    34 |     3 ||    37
